 Dungeon Crawl Stone Soup version 0.20-a0-866-gd9c272e (webtiles) character file.

855 AlphabetPasta the Bolt Thrower (level 7, -22/60 HPs)
             Began as a Purple Draconian Hunter on Mar 12, 2017.
             Was a Follower of Okawaru.
             Annihilated by a two-headed ogre
             ... wielding a cursed -2 giant club
              (30 damage)
             ... on level 5 of the Dungeon.
             The game lasted 00:19:31 (4143 turns).

AlphabetPasta the Bolt Thrower (DrHu)               Turns: 4143, Time: 00:19:32

Health: -22/60     AC:  6    Str: 15    XL:     7   Next: 70%
Magic:  8/8        EV: 13    Int: 12    God:    Okawaru [*.....]
Gold:   30         SH:  0    Dex: 12    Spells: 6/6 levels left

rFire    . . .     SeeInvis .   a - +1 hand axe (chop)
rCold    + . .     Gourm    .   (armour unavailable)
rNeg     . . .     Faith    .   (no shield)
rPois    .         Spirit   .   (helmet restricted)
rElec    .         Reflect  .   v - scarf {rC+}
rCorr    +         Harm     .   (no gloves)
MR       +....                  (no boots)
Stlth    +.........             (no amulet)
Regen    0.2/turn               (no ring)
MPRegen  0.2/turn               k - ring of resist corrosion

@: no status effects
A: breathe power, unfitting armour, cold-blooded, AC +6
a: Breathe Dispelling Energy, Heroism, Renounce Religion


You were on level 5 of the Dungeon.
You worshipped Okawaru.
Okawaru was aware of your devotion.
You were not hungry.

You visited 2 branches of the dungeon, and saw 6 of its levels.

You collected 206 gold pieces.
You spent 176 gold pieces at shops.

Inventory:

Hand Weapons
 a - a +1 hand axe of chopping (weapon)
 b - a +1 hand crossbow
 o - a +0 whip of holy wrath
 q - a +0 short sword
Missiles
 c - 28 bolts
 s - 7 javelins (quivered)
Armour
 v - a scarf of cold resistance (worn)
Jewellery
 k - a ring of resist corrosion (left hand)
Wands
 j - a wand of polymorph (22/24)
Scrolls
 p - 2 scrolls of remove curse
 r - a scroll of magic mapping
Potions
 e - a potion of brilliance {unknown}
 h - a potion of flight
 i - a potion of resistance {unknown}
 l - 2 potions of mutation {unknown}
 m - 2 potions of haste {unknown}
 n - 5 potions of curing
 t - 2 potions of ambrosia {unknown}
 w - a potion of cancellation
 z - a potion of magic {unknown}
 A - a potion of berserk rage
Comestibles
 d - 6 bread rations
 f - 2 royal jellies
 g - 3 meat rations
 u - a fruit
 x - 2 chunks of flesh


   Skills:
 + Level 4.4 Fighting
 * Level 3.7 Axes
 * Level 5.8 Crossbows
 + Level 3.7 Dodging
 - Level 0.8 Stealth
 + Level 1.4 Invocations
 - Level 2.1 Evocations


You had 6 spell levels left.
You didn't know any spells.

Dungeon Overview and Level Annotations

Branches:
Dungeon (5/15)             Temple (1/1) D:4

Altars:
Ashenzari
Cheibriados
Dithmenos
Elyvilon
Fedhas
Gozag
Hepliaklqana
Kikubaaqudgha
Makhleb
Nemelex Xobeh
Okawaru
Qazlal
Ru
Sif Muna
Trog
Uskayaw
Vehumet
Wu Jian
Xom
Yredelemnul
Zin

Shops:
D:5 !


Innate Abilities, Weirdness & Mutations

You can breathe bolts of dispelling energy.
Your rich purple scales are hard. (AC +6)
You cannot fit into any form of body armour.
You are cold-blooded and may be slowed by cold attacks.


Message History

The two-headed ogre misses you. The two-headed ogre barely misses you.
You barely miss the two-headed ogre.
The two-headed ogre is severely wounded.
You feel like a meek peon again.
You hit the two-headed ogre.
Your tail-slap misses the two-headed ogre.
The two-headed ogre is severely wounded.
The two-headed ogre hits you with a giant club!!
The two-headed ogre hits you with a giant club!
You barely miss the two-headed ogre.
The two-headed ogre is severely wounded.
The two-headed ogre closely misses you.
The two-headed ogre hits you with a giant club!!
* * * LOW HITPOINT WARNING * * *
Unknown command.
Okay, then.
You feel better.
The two-headed ogre hits you with a giant club!!
Ouch! That really hurt!
You die...

. #(#...# #.# #.#.####
...##(#...###.####(#.....
.....(........#.##.####..
........#.#........#.....
.####.(.#.#####.##.#.##..
.....##(#.# ###.##.#.##..
###...(#.# #.#....#.##..
#.O#.###.#.####.##..
#..@.....#......###.
####...#.######## #. .
#.........# #. ..
#.#..####.... #.
...###....# #. ##
..........# #.#.#.#...#
..........#
....⌠..........


You could see a two-headed ogre.

Vanquished Creatures
  The ghost of Sergey the Changer, an amateur MfTm (D:4)
  A sky beast (D:5)
  An ogre (D:4)
  A crimson imp (D:5)
  A hound (D:5)
  2 centaur skeletons
  5 orc wizards
  Jessica (D:2)
  Ijyb (D:2)
  A worker ant (D:4)
  13 adders
  3 oozes
  6 worms
  A dart slug (D:3)
  13 orcs
  6 bats
  5 giant cockroaches
  9 goblins
  5 hobgoblins (D:2)
  6 jackals
  A ball python (D:3)
  A frilled lizard (D:1)
  8 kobolds
  2 rats
94 creatures vanquished.

Notes
Turn   | Place    | Note
-------+----------+-------------------------------------------
     0 | D:1      | AlphabetPasta the Draconian Hunter began the quest for the Orb.
     0 | D:1      | Reached XP level 1. HP: 17/17 MP: 1/1
   470 | D:2      | Reached XP level 2. HP: 18/25 MP: 2/2
   594 | D:2      | Reached skill level 4 in Crossbows
   825 | D:2      | Reached XP level 3. HP: 27/30 MP: 3/3
  1028 | D:2      | Reached XP level 4. HP: 37/37 MP: 4/4
  1168 | D:2      | Noticed Jessica
  1172 | D:2      | Noticed Ijyb
  1173 | D:2      | Killed Jessica
  1179 | D:2      | Killed Ijyb
  1179 | D:2      | Reached XP level 5. HP: 29/45 MP: 5/5
  1464 | D:2      | Reached skill level 5 in Crossbows
  1785 | D:3      | Reached skill level 1 in Axes
  2057 | D:3      | Reached skill level 1 in Evocations
  2057 | D:3      | Reached XP level 6. HP: 49/51 MP: 6/6
  2173 | D:4      | Noticed Sergey's ghost (amateur MfTm)
  2976 | D:4      | Found a staircase to the Ecumenical Temple.
  3007 | Temple   | Entered the Ecumenical Temple
  3023 | Temple   | Became a worshipper of Warmaster Okawaru
  3215 | D:4      | Killed Sergey's ghost
  3215 | D:4      | Your scales start taking on a rich purple colour.
  3215 | D:4      | Reached XP level 7. HP: 31/59 MP: 8/8
  3735 | D:5      | Entered Level 5 of the Dungeon
  3915 | D:5      | Reached * piety under Okawaru
  3915 | D:5      | Reached skill level 1 in Invocations
  3950 | D:5      | Found Reyky's Distillery.
  3965 | D:5      | Bought a potion of cancellation for 88 gold pieces
  3965 | D:5      | Bought a potion of berserk rage for 55 gold pieces
  3965 | D:5      | Bought a potion of lignification for 33 gold pieces
  4087 | D:5      | Noticed a two-headed ogre
  4111 | D:5      | Found a white marble altar of Elyvilon.
  4142 | D:5      | HP: 1/60 [two-headed ogre/giant club (21)]
  4143 | D:5      | Annihilated by a two-headed ogre

Vault maps used:
D:1:      minmay_arrival_checkered_box, lemuel_old_faithful
D:2:      uniq_iyjb, uniq_jessica
D:3:      first_bread, grunt_ministairs_2
D:4:      minmay_temple_entry_glassed_door
D:5:      serial_shops, shop, hangedman_abyss_or_decor_slice, elyvilon_altar_5
Temple:   roderic_octagonal_lattice_temple

Skill      XL: |  1  2  3  4  5  6  7 |
---------------+----------------------+-----
Dodging        | 2 3 |  3.7
Crossbows      | 4 5 |  5.8
Fighting       | 3 4 |  4.4
Axes           | 1 2 3 |  3.7
Evocations     | 1 2 |  2.1
Invocations    | 1 |  1.4
Stealth        | |  0.8

Action                   |  1- 3 |  4- 6 |  7- 9 || total
-------------------------+-------+-------+-------++-------
Melee: Short sword       |    85 |    41 |       ||   126
       Tailslap          |     9 |    15 |     5 ||    29
       Hand axe          |       |    88 |    51 ||   139
       Whip              |       |    25 |       ||    25
 Fire: Hand crossbow     |    28 |    55 |     7 ||    90
Invok: Heroism           |       |       |     1 ||     1
 Abil: Breathe Dispellin |       |       |     4 ||     4
  Use: Scroll            |     5 |     1 |     5 ||    11
       Potion            |       |       |     1 ||     1
 Stab: Sleeping          |     1 |     1 |     1 ||     3
  Eat: Chunk             |       |     5 |     3 ||     8
       Royal jelly       |       |     1 |       ||     1
       Fruit             |       |       |     1 ||     1
Armor: Skin              |    30 |    43 |    13 ||    86
Dodge: Dodged            |    55 |   111 |    26 ||   192
